 Dungeon Crawl Stone Soup version 0.26.1-12-g5ba1501909 (webtiles) character file.

Game seed: 1920733992309967824

322 Zeld the Sneak (level 6, -4/42 HPs)
             Began as an Octopode Brigand on Oct 25, 2021.
             Shot with an arrow by a centaur (12 damage)
             ... on level 5 of the Dungeon.
             The game lasted 00:04:39 (5207 turns).

Zeld the Sneak (Octopode Brigand)                   Turns: 5207, Time: 00:04:40

Health: -4/42      AC:  3    Str: 10    XL:     6   Next: 47%
Magic:  6/6        EV: 13    Int: 14    God:
Gold:   246        SH:  0    Dex: 11    Spells: 5/5 levels left

rFire    . . .     SeeInvis .   a - +2 dagger
rCold    . . .     Faith    .   (no shield)
rNeg     . . .     Spirit   .   q - +2 hat
rPois    .         Reflect  .   (no amulet)
rElec    .         Harm     .   e - -4 ring of dexterity (curse)
rCorr    .         Rampage  .   (no ring)
Will     .....                  (no ring)
Stlth    ++++......             (no ring)
HPRegen  0.14/turn              (no ring)
MPRegen  0.10/turn              (no ring)
                                (no ring)
                                (no ring)

@: no status effects
A: almost no armour, stealthy swim, amphibious, 8 rings, constrict 8, camouflage
1, gelatinous body 1
a: no special abilities


You were on level 5 of the Dungeon.
You visited 1 branch of the dungeon, and saw 5 of its levels.

You collected 246 gold pieces.

Inventory:

Hand Weapons
 a - a +2 dagger (weapon)
Missiles
 b - 8 poisoned darts (quivered)
 c - 2 curare-tipped darts
Armour
 q - a +2 hat (worn)
Jewellery
 e - a cursed -4 ring of dexterity (left tentacle)
 m - a +4 ring of evasion {unknown}
Wands
 w - a wand of polymorph (10)
Scrolls
 d - 3 scrolls of remove curse {unknown}
 f - 6 scrolls of identify {unknown}
 n - 2 scrolls of magic mapping {unknown}
 p - 3 scrolls of teleportation {unknown}
 r - 2 scrolls of amnesia {unknown}
 v - a scroll of fear {unknown}
 x - a scroll of blinking {unknown}
Potions
 g - 2 potions of magic {unknown}
 h - 2 potions of heal wounds {unknown}
 i - 4 potions of curing {unknown}
 j - 3 potions of cancellation {unknown}
 k - a potion of degeneration {unknown}
 l - a potion of attraction {unknown}
 o - 2 potions of brilliance {unknown}
 s - a potion of lignification {unknown}
 t - a potion of ambrosia {unknown}
 u - a potion of flight {unknown}


   Skills:
 + Level 3.0 Fighting
 * Level 3.7 Short Blades
 * Level 3.7 Throwing
 + Level 2.2 Dodging
 * Level 6.9 Stealth


You had 5 spell levels left.
You didn't know any spells.
Your spell library was empty.

Dungeon Overview and Level Annotations

Branches:
Dungeon (5/15)
 Temple: D:4-7

Altars:
Ashenzari
Cheibriados
Dithmenos
Makhleb
Trog
The Shining One


Innate Abilities, Weirdness & Mutations

You cannot wear most types of armour.
You are very stealthy in the water. (Stealth+)
You are amphibious.
You can wear up to eight rings at the same time.
You can use your tentacles to constrict eight enemies at once.
Your skin changes colour to match your surroundings (Stealth+).
Your rubbery body absorbs attacks. (AC +1, EV +1)


Message History

You see here an arrow.
The centaur shoots an arrow.
The arrow hits you!
The centaur shoots an arrow.
The arrow closely misses you.
The centaur unwields a +0 shortbow.
The centaur hits you.
A centaur comes into view.
You hit the centaur but do no damage. The centaur barely misses you.
You hit the centaur but do no damage. The centaur barely misses you.
You hit the centaur.
The centaur is lightly wounded.
The centaur hits you but does no damage.
You hit the centaur.
The centaur is moderately wounded.
The centaur completely misses you.
The centaur wields a +0 shortbow.
The centaur shoots an arrow.
The arrow hits you!
The centaur hits you but does no damage.
The centaur shoots an arrow.
The arrow hits you!
* * * LOW HITPOINT WARNING * * *
The centaur wields a +0 shortbow.
The centaur shoots an arrow.
The arrow hits you!
You die...

......###......##
.. ..#..
##..##..#... #
##..###..........
##...#........#..
.....#......###
...(.....##.## ..
.......###...#...
........(.........
........(@...(....
.......c...........
#......(##.........
#......####..###...
......c #.## ...
.).##.. .. .. ##.
... . ## ...


You could see 2 centaurs.

Vanquished Creatures
  An orc priest (D:3)
  Natasha (thrice) (D:4)
  2 worker ants (D:4)
  2 gnolls
  4 adders
  2 oozes
  2 adder skeletons (D:4)
  3 worms
  4 dart slugs
  5 leopard geckos
  4 orcs
  A ball python (D:3)
  2 giant cockroaches (D:3)
  5 goblins
  3 hobgoblins
  9 jackals
  9 kobolds
  10 bats
  7 frilled lizards
  A jackal skeleton (D:4)
  11 rats
90 creatures vanquished.

Notes
Turn   | Place    | Note
-------+----------+-------------------------------------------
     0 | D:1      | Zeld the Octopode Brigand began the quest for the Orb.
     0 | D:1      | Reached XP level 1. HP: 14/14 MP: 1/1
    74 | D:1      | Reached XP level 2. HP: 14/19 MP: 2/2
   442 | D:1      | Reached XP level 3. HP: 24/24 MP: 3/3
  1141 | D:2      | Reached XP level 4. HP: 12/30 MP: 4/4
  1420 | D:2      | Reached skill level 6 in Stealth
  1485 | D:2      | Found a glowing golden altar of the Shining One.
  2466 | D:2      | Found a bloodstained altar of Trog.
  2944 | D:3      | Found a faded altar of an unknown god.
  3147 | D:3      | Reached XP level 5. HP: 35/35 MP: 5/5
  3728 | D:3      | Found a broken altar of Ashenzari.
  3862 | D:4      | Noticed Natasha
  3871 | D:4      | Killed Natasha
  4071 | D:4      | Found a snail-covered altar of Cheibriados.
  4135 | D:4      | Noticed Natasha
  4145 | D:4      | Killed Natasha
  4146 | D:4      | Reached XP level 6. HP: 25/41 MP: 6/6
  4494 | D:4      | Noticed Natasha
  4501 | D:4      | Killed Natasha
  4536 | D:4      | Found a burning altar of Makhleb.
  4961 | D:4      | Found a shadowy altar of Dithmenos.
  5186 | D:5      | Entered Level 5 of the Dungeon
  5207 | D:5      | Shot with an arrow by a centaur

Illustrated notes

Levels and vault maps discovered:
D:1:      eino_arrival_water_cross, layout_basic, serial_bayou_pond_d
D:2:      layout_basic, tso_metal_star, bloody_trog, minmay_tromino_i2
D:3:      layout_rooms, ashenzari_conservatory_becter,
          chequers_ecumenical_altar_simple_redux, mrwooster_statue_mirror
D:4:      layout_basic, lemuel_crystal_altar, lemuel_doored_altar,
          grunt_dithmenos_smoke_and_mirrors, uniq_natasha
D:5:      layout_cave_pools, hangedman_ru_absence, serial_shops, shop

Skill      XL: |  1  2  3  4  5  6 |
---------------+-------------------+-----
Stealth        | 6 |  6.9
Short Blades   | 3 |  3.7
Throwing       | 3 |  3.7
Dodging        | 2 |  2.2
Fighting       | 3 |  3.0

Action                   |  1- 3 |  4- 6 || total
-------------------------+-------+-------++-------
Melee: Dagger            |    56 |   138 ||   194
       Constrict         |     9 |    32 ||    41
       Tentacles         |     8 |    28 ||    36
 Stab: Sleeping          |    16 |    15 ||    31
       Distracted        |       |     1 ||     1
Armor: Skin              |     7 |    35 ||    42
Dodge: Dodged            |    29 |   103 ||   132
